 Dungeon Crawl Stone Soup version 0.17.1-1-g73c8601 (webtiles) character file.

226 penguinsfan71 the Grave Robber (level 5, 0/35 HPs)
             Began as a Vampire Necromancer on Dec 19, 2015.
             Succumbed to a worker ant's poison
             ... on level 4 of the Dungeon.
             The game lasted 00:42:03 (3027 turns).

penguinsfan71 the Grave Robber (VpNe)               Turns: 3027, Time: 00:42:03

Health: 0/35       AC:  0    Str:  2    XL:     5   Next: 69%
Magic:  9/11       EV: 27    Int: 24    God:
Gold:   115        SH:  0    Dex: 24    Spells: 3 memorised, 4 levels left

rFire  . . .     SeeInvis +     (weapon currently unavailable)
rCold  + . .     Clarity  .     (armour currently unavailable)
rNeg   + + .     SustAt   .     (shield currently unavailable)
rPois  +         Gourm    .     (helmet currently unavailable)
rElec  .         Spirit   .     (cloak currently unavailable)
rCorr  .         Warding  .     (gloves currently unavailable)
rMut   .         Stasis   .     (boots currently unavailable)
MR     .....                    r - amulet of rage
Stlth  ++++......               (ring currently unavailable)
                                (ring currently unavailable)

@: brilliant, agile, lethally poisoned (0 -> -1), bat-form, flying, regenerating
slowly, very quick, not resistant to hostile enchantments, stealthy
A: (fangs 0), see invisible, (unbreathing)
a: End Transformation, Evoke Berserk Rage


You were on level 4 of the Dungeon.
You were very thirsty.
You were in vampire-bat-form.
You visited 1 branch of the dungeon, and saw 4 of its levels.

You collected 115 gold pieces.

Inventory:

Hand Weapons
 e - a +0 quarterstaff
 f - a +1 dagger of venom
 g - a +0 club
 j - a +0 mace (melded)
 k - a +0 whip
 l - a +0 short sword
 n - a +0 club
 p - a +0 club
 q - a +0 short sword
 t - a +0 club
 u - a +2 dagger of venom
Missiles
 i - 24 poisoned needles
 s - 50 stones (quivered)
 x - 9 arrows
 B - 18 bolts
Armour
 a - a +0 robe
 d - a +0 ring mail
 w - a +1 robe (melded)
Jewellery
 o - a ring of protection from magic (melded)
 r - an amulet of rage (around neck)
 v - a ring of loudness (melded)
Scrolls
 m - 2 scrolls of blinking
 y - 2 scrolls of recharging
 D - 2 scrolls of identify
Potions
 c - a potion of agility
Books
 b - a book of Necromancy

   Spells                             Type                      Level
   a - Pain                           Necromancy                   1
   b - Animate Skeleton               Necromancy                   1
   c - Vampiric Draining              Necromancy                   3
   d - Regeneration                   Charms/Necromancy            3
   e - Animate Dead                   Necromancy                   4
   f - Control Undead                 Necromancy                   4
Comestibles
 z - a meat ration


   Skills:
 + Level 0.1 Fighting
 + Level 0.2 Maces & Flails
 + Level 0.8 Armour
 + Level 2.9 Dodging
 - Level 3.1 Stealth
 * Level 4.0 Spellcasting
 + Level 5.6 Necromancy


You had 4 spell levels left.
You knew the following spells:

 Your Spells              Type           Power        Failure   Level  Hunger
a - Pain                  Necr           ####         1%          1    None
b - Regeneration          Chrm/Necr      ####......   1%          3    ##.....
c - Animate Dead          Necr           N/A          1%          4    ####...


Dungeon Overview and Level Annotations

Branches:
Dungeon (4/15)
 Temple: D:4-7

Altars:


Innate Abilities, Weirdness & Mutations

You heal slowly.
((You have razor-sharp teeth.))
You have supernaturally acute eyesight.
((You can survive without breathing.))


Message History

* * * LOW HITPOINT WARNING * * *
You feel sick.
You hear a shout! x3
You hear an angry hiss.
You hear a shout!
You hear a shout!
You hear a bark!
* * * LOW HITPOINT WARNING * * *
You feel sick.
A jackal skeleton comes into view.
* * * LOW HITPOINT WARNING * * *
You feel sick.
You turn into a vampire bat.
Your +0 mace melds into your body.
Your +1 robe melds into your body.
Your ring of protection from magic melds into your body.
Your ring of loudness melds into your body.
* * * LOW HITPOINT WARNING * * *
You feel sick.
* * * LOW HITPOINT WARNING * * *
You feel sick.
* * * LOW HITPOINT WARNING * * *
You feel sick.
You die...

######## #......#
#......#
####......#############
.....................>#
####......##.###b####.#
# #......##.###.# #.#
.# ##.##.........# #>#
.# #.##.###.########.#
.# #.##.##....#......#
.. #.##.....#.#.######
#.# #.######.#.#.# #.#
#.# #.# #.#


There were no monsters in sight!

Vanquished Creatures
  A sky beast (D:4)
  Jessica (D:2)
  A worker ant (D:4)
  3 adders
  An ooze (D:3)
  An adder skeleton (D:4)
  3 worms
  3 giant geckos
  6 bats
  4 giant cockroaches
  4 hobgoblins
  10 jackals
  3 kobolds
  A giant newt (D:4)
  5 goblins
  5 rats
52 creatures vanquished.

Vanquished Creatures (collateral kills)
  A worm (D:2)
  A giant newt (D:2)
2 creatures vanquished.

Grand Total: 54 creatures vanquished

Notes
Turn   | Place    | Note
--------------------------------------------------------------
     0 | D:1      | penguinsfan71 the Vampire Necromancer began the quest for the Orb.
     0 | D:1      | Reached XP level 1. HP: 13/13 MP: 3/3
   287 | D:1      | Reached XP level 2. HP: 13/19 MP: 1/5
   663 | D:2      | Noticed Jessica
   671 | D:2      | Killed Jessica
   671 | D:2      | Reached skill level 5 in Necromancy
   671 | D:2      | Reached XP level 3. HP: 16/24 MP: 3/6
   735 | D:2      | Learned a level 3 spell: Regeneration
   884 | D:2      | Reached XP level 4. HP: 16/30 MP: 0/7
   890 | D:2      | Learned a level 4 spell: Animate Dead
  2660 | D:4      | Noticed a sky beast
  2682 | D:4      | Killed a sky beast
  2682 | D:4      | Reached XP level 5. HP: 15/35 MP: 3/10
  3019 | D:4      | HP: 1/35 [poisoned by a worker ant]
  3027 | D:4      | Succumbed to a worker ant's poison

Action                   |  1- 3 |  4- 6 || total
-------------------------+-------+-------++-------
Melee: Club              |    18 |       ||    18
       Mace              |    46 |    44 ||    90
 Cast: Pain              |    25 |    44 ||    69
       Animate Dead      |       |    11 ||    11
 Abil: Bat Form          |       |     4 ||     4
       End Transformatio |       |     3 ||     3
  Use: Scroll            |     4 |     5 ||     9
       Potion            |       |     3 ||     3
 Stab: Distracted        |       |     1 ||     1
  Eat: Corpse            |     6 |     3 ||     9
